 Dungeon Crawl Stone Soup version 0.26-a0-682-g294304f6e8 (webtiles) character file.

Game seed: 17526750484677427606

(classic levelgen) 15 EnegeticOcto the Digger (level 2, -2/17 HPs)
             Began as a Halfling Earth Elementalist on Oct 20, 2020.
             Slain by a kobold
             ... wielding a +0 dagger
              (3 damage)
             ... on level 2 of the Dungeon.
             The game lasted 00:01:15 (185 turns).

EnegeticOcto the Digger (HaEE)                       Turns: 185, Time: 00:01:15

Health: -2/17      AC:  2    Str:  9    XL:     2   Next: 65%
Magic:  0/4        EV: 15    Int: 13    God:
Gold:   34         SH:  0    Dex: 14    Spells: 3/4 levels left

rFire    . . .     SeeInvis +   a - +0 hand axe
rCold    . . .     Faith    .   (shield restricted)
rNeg     . . .     Spirit   .   c - +0 robe
rPois    .         Reflect  .   (no helmet)
rElec    .         Harm     .   (no cloak)
rCorr    .         Rampage  .   (no gloves)
MR       .....                  (no boots)
Stlth    ++........             (no amulet)
HPRegen  0.05/turn              e - ring of see invisible
MPRegen  0.09/turn              g - ring of wizardry

@: no status effects
A: small, mutation resistance 1
a: no special abilities


You were on level 2 of the Dungeon.
You visited 1 branch of the dungeon, and saw 2 of its levels.

You collected 34 gold pieces.

Inventory:

Hand Weapons
 a - a +0 hand axe (weapon)
Missiles
 b - 31 stones (quivered)
Armour
 c - a +0 robe (worn)
Jewellery
 e - a ring of see invisible (left hand)
 g - a ring of wizardry (right hand)
Scrolls
 d - a scroll of random uselessness {unknown}
 h - 2 scrolls of identify {unknown}
 i - a scroll of remove curse {unknown}
 j - a scroll of enchant armour {unknown}
Potions
 f - a potion of stabbing {unknown}


   Skills:
 - Level 2.1 Dodging
 - Level 2.1 Stealth
 - Level 1.5 Spellcasting
   Level 0.5 Transmutations
 + Level 3.8 Earth Magic


You had 3 spell levels left.
You knew the following spells:

 Your Spells              Type           Power        Failure   Level
a - Sandblast             Erth           ##....       2%          1

Your spell library contained the following spells:

 Spells                   Type           Power        Failure   Level
 Passwall                 Tmut/Erth      #.......     7%          2
 Stone Arrow              Conj/Erth      #.....       16%         3
 Petrify                  Tmut/Erth      #.......     38%         4
 Lee's Rapid Deconstruct  Erth           ##........   50%         5


Dungeon Overview and Level Annotations

Branches:
Dungeon (2/15)

Altars:
Kikubaaqudgha
Nemelex Xobeh
Okawaru
Trog


Innate Abilities, Weirdness & Mutations

You are small and have problems with some larger weapons.
You are somewhat resistant to further mutation.


Message History

You kill the giant cockroach!
You hit the dart slug but do no damage.
The dart slug is severely wounded.
The dart slug misses you.
Casting: Sandblast (safe; 2% risk of failure)
Confirm with . or Enter, or press ? or * to list all spells.
Aiming: Sandblast (safe; 2% risk of failure)
Press: ? - help, Shift-Dir - straight line, f/p - dart slug
Aim: a dart slug (severely wounded)
The blast of sand hits the dart slug.
You kill the dart slug!
b - 37 stones
Found a scroll labeled UFYMUUS YTUMP.
You now have 21 gold pieces (gained 8).
Found a chain mail.
i - a scroll labeled GAREWNEMAP
j - a scroll labeled UFYMUUS YTUMP
Found a scroll labeled BYSSIO QYZATS.
You now have 34 gold pieces (gained 13).
Found a pair of gloves.
A hobgoblin comes into view.
The hobgoblin shouts!
You see here a scroll labeled BYSSIO QYZATS.
You see here a scroll labeled BYSSIO QYZATS.
h - 2 scrolls labeled BYSSIO QYZATS (gained 1)
A kobold comes into view. It is wielding a +0 dagger.
The kobold shouts!
The hobgoblin closely misses you.
Casting: Sandblast (safe; 2% risk of failure)
Confirm with . or Enter, or press ? or * to list all spells.
Aiming: Sandblast (safe; 2% risk of failure)
Press: ? - help, Shift-Dir - straight line, f - hobgoblin
Aim: a hobgoblin The blast of sand misses the hobgoblin.
b - 36 stones The hobgoblin completely misses you.
Casting: Sandblast (safe; 2% risk of failure)
Confirm with . or Enter, or press ? or * to list all spells.
Aiming: Sandblast (safe; 2% risk of failure)
Press: ? - help, Shift-Dir - straight line, f/p - hobgoblin
Aim: a hobgoblin The blast of sand hits the hobgoblin.
The hobgoblin is almost dead.
b - 35 stones The hobgoblin barely misses you.
Casting: Sandblast (safe; 2% risk of failure)
Confirm with . or Enter, or press ? or * to list all spells.
Aiming: Sandblast (safe; 2% risk of failure)
Press: ? - help, Shift-Dir - straight line, f/p - hobgoblin
Aim: a hobgoblin (almost dead)
The blast of sand misses the hobgoblin.
b - 34 stones The hobgoblin completely misses you.
Found an ancient bone altar of Kikubaaqudgha.
Casting: Sandblast (safe; 2% risk of failure)
Confirm with . or Enter, or press ? or * to list all spells.
Aiming: Sandblast (safe; 2% risk of failure)
Press: ? - help, Shift-Dir - straight line, f/p - hobgoblin
Aim: a hobgoblin (almost dead)
The blast of sand misses the hobgoblin.
b - 33 stones The hobgoblin barely misses you.
You are too injured to fight recklessly!
You are too injured to fight recklessly!
You are too injured to fight recklessly!
You hit the kobold.
The kobold is moderately wounded.
You barely miss the hobgoblin. The hobgoblin closely misses you.
The kobold hits you with a +0 dagger.
* * * LOW HITPOINT WARNING * * *
Found a scroll labeled BYSSIO QYZATS.
Found a bloodstained altar of Trog and a sparkling altar of Nemelex Xobeh.
Found an iron altar of Okawaru.
Casting: Sandblast (safe; 2% risk of failure)
Confirm with . or Enter, or press ? or * to list all spells.
Aiming: Sandblast (safe; 2% risk of failure)
Press: ? - help, Shift-Dir - straight line, f/p - hobgoblin
Aim: a hobgoblin (severely wounded)
The blast of sand hits the kobold.
The kobold is heavily wounded.
b - 32 stones The kobold misses you.
Casting: Sandblast (safe; 2% risk of failure)
Confirm with . or Enter, or press ? or * to list all spells.
Aiming: Sandblast (safe; 2% risk of failure)
Press: ? - help, Shift-Dir - straight line, f/p - hobgoblin
Aim: a hobgoblin (severely wounded)
The blast of sand hits the hobgoblin.
You kill the hobgoblin!
b - 31 stones The kobold hits you with a +0 dagger.
* * * LOW HITPOINT WARNING * * *
You barely miss the kobold.
The kobold is heavily wounded.
The kobold hits you but does no damage.
You hit the kobold but do no damage.
The kobold is heavily wounded.
The kobold hits you with a +0 dagger.
* * * LOW HITPOINT WARNING * * *
The kobold hits you with a +0 dagger.
You die...

#_....#
.#..
#..#
###..##
# #. #
#.....#
..
###..###
...#
#⌠...._#
.....#
###..###
.... #
#....⌠#
.... #
##K.###
...
#@?..⌠#
##__8##
#####


You could see a kobold.

Vanquished Creatures
  2 dart slugs
  2 giant cockroaches (D:2)
  A goblin (D:1)
  A hobgoblin (D:2)
  2 bats
  A frilled lizard (D:1)
  A kobold (D:2)
  A rat (D:2)
11 creatures vanquished.

Notes
Turn   | Place    | Note
-------+----------+-------------------------------------------
     0 | D:1      | EnegeticOcto the Halfling Earth Elementalist began the
                  | quest for the Orb.
     0 | D:1      | Reached XP level 1. HP: 11/11 MP: 3/3
    70 | D:2      | Reached XP level 2. HP: 6/17 MP: 1/4
   165 | D:2      | Found an ancient bone altar of Kikubaaqudgha.
   175 | D:2      | Found a bloodstained altar of Trog.
   175 | D:2      | Found a sparkling altar of Nemelex Xobeh.
   176 | D:2      | Found an iron altar of Okawaru.
   185 | D:2      | Slain by a kobold

Illustrated notes

Levels and vault maps discovered:
D:1:      grunt_arrival_crossed_arrows, layout_loops_ring, minmay_pentomino_q4
D:2:      layout_basic, minitemple, chequers_ecumenical_altar_grove,
          uniq_crazy_yiuf_cottage

Action                   || total
-------------------------++-------
Melee: Hand axe          ||    31
 Cast: Sandblast         ||    17
Armor: Robe              ||     9
Dodge: Dodged            ||    46

Table legend: (Time is in decaauts)
 A = Elapsed time spent in this place.
 B = Non-inter-level travel time spent in this place.
 C = Inter-level travel time spent in this place.
 D = Time resting spent in this place.
 E = Time spent auto-exploring this place.
 F = Levels seen in this place.
 G = Mean time per level.
                   A        B        C        D        E       F      G
               +--------+--------+--------+--------+--------+-----+--------+
         Total |    193 |    188 |      5 |      0 |      0 |   2 |   96.5 |
       Dungeon |    193 |    188 |      5 |      0 |      0 |   2 |   96.5 |
               +--------+--------+--------+--------+--------+-----+--------+

Top non-repeatable levels by time:
     D:2: 140 daAuts
     D:1: 53 daAuts
